 Dungeon Crawl Stone Soup version 0.28.0 (webtiles) character file.

Game seed: 1279976526996908214

1480203 Masnef the Warrior (level 27, 201/201 HPs)
             Began as a Gnoll Conjurer on Feb 7, 2022.
             Was the Champion of Hepliaklqana.
             Escaped with the Orb
             ... and 3 runes on Feb 10, 2022!
             The game lasted 05:55:56 (87402 turns).

Masnef the Warrior (Gnoll Conjurer)                Turns: 87402, Time: 05:55:57

Health: 201/201    AC: 33    Str: 20    XL:     27
Magic:  46/46      EV: 22    Int: 44    God:    Hepliaklqana [******]
Gold:   4484       SH: 19    Dex: 18    Spells: 6/63 levels left

rFire   + . .      SeeInvis +   m - staff of conjuration
rCold   . . .      Faith    .   G - +4 kite shield of the Moon {Harm rPois Str+4}
rNeg    . . .      Spirit   .   E - +3 ring mail of Gagig {Int+6 Dex+4}
rPois   +          Reflect  .   N - +3 hat of Pondering {ponderous, Will+ MP+10 Int+5}
rElec   +          Harm     +   M - +0 cloak of the Apothecary {Will+ Regen+ Int+6 Dex-2}
rCorr   .          Rampage  .   F - +3 pair of gloves of Least Resistance {Fly rElec MP-9}
Will    ++++.                   y - +2 pair of boots
Stlth   ++........              B - amulet of regeneration
HPRegen 2.03/turn               C - ring "Guin" {rF+ Str+6 Dex+2 Slay+2}
MPRegen 0.30/turn               H - ring of the Tortoise {AC+8}

@: flying, studying 2 skills, slow
A: reduced essence, fangs 1, strong nose, distributed training, talons 1, see
invisible, clever 1, electricity resistance, subdued magic 1
0: Orb of Zot
}: 3/15 runes: decaying, serpentine, slimy
a: Renounce Religion, Recall Ancestor, Ancestor Identity, Transference, Idealise


You escaped.
You worshipped Hepliaklqana.
Hepliaklqana was exalted by your worship.
You visited 11 branches of the dungeon, and saw 53 of its levels.
You also visited: Ossuary, Gauntlet, Volcano and Wizlab.

You collected 8172 gold pieces.
You spent 3688 gold pieces at shops.

Inventory:

Hand Weapons
 v - a +4 long sword of holy wrath
 V - the +2 spear "Keineippoo" {freeze, rC++ rN+ SInv Stlth-}
   (You found it on level 2 of the Depths)

   It freezes those it strikes, dealing additional cold damage.
   It can also slow down cold-blooded creatures.
   rC:        It greatly protects you from cold.
   rN:        It protects you from negative energy.
   SInv:      It lets you see invisible.
   Stlth:     It makes you less stealthy.
 Y - a +9 eveningstar of flaming
Missiles
 h - 2 throwing nets
 o - 8 silver javelins
 r - 4 curare-tipped darts
Armour
 y - a +2 pair of boots (worn)
 E - the +3 ring mail of Gagig (worn) {Int+6 Dex+4}
   (You found it on level 3 of the Elven Halls)

   Int:       It affects your intelligence (+6).
   Dex:       It affects your dexterity (+4).
 F - the +3 pair of gloves of Least Resistance (worn) {Fly rElec MP-9}
   (You bought it in a shop on level 15 of the Dungeon)

   rElec:     It insulates you from electricity.
   MP:        It affects your magic capacity (-9).
   Fly:       It grants you flight.
 G - the +4 kite shield of the Moon (worn) {Harm rPois Str+4}
   (You acquired it on level 2 of the Orcish Mines)

   Str:       It affects your strength (+4).
   rPois:     It protects you from poison.
   Harm:      It increases damage dealt and taken.
 M - the +0 cloak of the Apothecary (worn) {Will+ Regen+ Int+6 Dex-2}
   (You found it on level 9 of the Dungeon)

   Int:       It affects your intelligence (+6).
   Dex:       It affects your dexterity (-2).
   Regen:     It increases your rate of health regeneration.
   Will:      It increases your willpower.
 N - the +3 hat of Pondering (worn) {ponderous, Will+ MP+10 Int+5}
   (You bought it in a shop on level 4 of the Dungeon)

   Int:       It affects your intelligence (+5).
   MP:        It affects your magic capacity (+10).
   Will:      It increases your willpower.
Magical Staves
 m - a staff of conjuration (weapon)
Jewellery
 s - a +4 ring of evasion
 w - a ring of see invisible
 B - an amulet of regeneration (around neck)
 C - the ring "Guin" (left hand) {rF+ Str+6 Dex+2 Slay+2}
   (You took it off a deep elf pyromancer on level 3 of the Elven Halls)

   [ring of strength]

   Str:       It affects your strength (+6).
   Dex:       It affects your dexterity (+2).
   Slay:      It affects your accuracy & damage with ranged weapons and melee
   (+2).
   rF:        It protects you from fire.
 H - the ring of the Tortoise (right hand) {AC+8}
   (You found it on level 5 of the Pits of Slime)

   [ring of protection]

   AC:        It affects your AC (+8).
 L - a +6 ring of intelligence
 T - the amulet of Henotheism {Spirit -Tele rF+ Str+5}
   (You found it on level 1 of the Realm of Zot)

   [amulet of guardian spirit]

   It causes incoming damage to be divided between your reserves of health and
   magic.
   Str:       It affects your strength (+5).
   rF:        It protects you from fire.
   -Tele:     It prevents most forms of teleportation.
 W - the ring of the Priest {rN+ rCorr}
   (You took it off a deep elf demonologist on level 3 of the Elven Halls)

   [ring of positive energy]

   rN:        It protects you from negative energy.
   rCorr:     It protects you from acid and corrosion.
Wands
 p - a wand of acid (23)
 D - a wand of mindburst (41)
 K - a wand of digging (27)
 O - a wand of iceblast (12)
 Q - a wand of charming (4)
 U - a wand of paralysis (18)
Scrolls
 a - 8 scrolls of fog
 c - 3 scrolls of silence
 g - 26 scrolls of teleportation
 i - 7 scrolls of blinking
 j - 9 scrolls of magic mapping
 k - 4 scrolls of amnesia
 n - 14 scrolls of immolation
 A - 8 scrolls of enchant armour
 R - 7 scrolls of fear
 S - 2 scrolls of holy word
Potions
 b - 6 potions of haste
 e - 2 potions of magic
 f - 2 potions of resistance
 l - 4 potions of cancellation
 q - 5 potions of attraction
 t - 12 potions of heal wounds
 u - 19 potions of curing
 x - 7 potions of ambrosia
 z - 3 potions of invisibility
 I - 17 potions of lignification
 J - 11 potions of mutation
 P - 8 potions of brilliance
Miscellaneous
 d - a box of beasts
 X - a tin of tremorstones (2/2)
 Z - a phantom mirror


   Skills:
 + Level 19.9 Fighting
 + Level 18.1 Short Blades
 + Level 18.1 Long Blades
 + Level 18.1 Axes
 + Level 18.1 Maces & Flails
 + Level 18.1 Polearms
 + Level 18.1 Staves
 + Level 18.1 Slings
 + Level 18.1 Bows
 + Level 18.1 Crossbows
 + Level 18.1 Throwing
 + Level 18.1 Armour
 + Level 18.6 Dodging
 + Level 18.5 Stealth
 + Level 18.1 Shields
 + Level 18.1 Unarmed Combat
 + Level 18.7 Spellcasting
 + Level 16.8 Conjurations
 + Level 15.4 Hexes
 + Level 15.4 Summonings
 + Level 15.4 Necromancy
 + Level 15.4 Translocations
 + Level 17.6 Transmutations
 + Level 15.4 Fire Magic
 + Level 15.4 Ice Magic
 + Level 15.4 Air Magic
 + Level 15.4 Earth Magic
 + Level 15.4 Poison Magic
 + Level 19.6 Invocations
 + Level 18.1 Evocations


You had 6 spell levels left.
You knew the following spells:

 Your Spells              Type           Power      Damage    Failure   Level
a - Malign Gateway        Summ/Tloc      47%        N/A       1%          7
b - Spellforged Servitor  Conj/Summ      59%        N/A       1%          7
c - Blink                 Tloc           100%       N/A       0%          2
d - Haunt                 Necr/Summ      47%        N/A       1%          7
f - Iskenderun's Mystic   Conj/Tloc      100%       2d19      0%          4
h - Borgnjor's Vile Clut  Necr/Erth      47%        N/A       1%          5
i - Irradiate             Conj/Tmut      61%        3d34      0%          5
j - Fireball              Conj/Fire      59%        3d23      1%          5
k - Iron Shot             Conj/Erth      59%        9d11      1%          6
l - Ignition              Fire           47%        3d13      11%         8
m - Apportation           Tloc           100%       N/A       0%          1

Your spell library contained the following spells:

 Spells                   Type           Power      Damage    Failure   Level
 Animate Skeleton         Necr           100%       N/A       0%          1
 Foxfire                  Conj/Fire      100%       2x1d9     0%          1
 Magic Dart               Conj           100%       1d8       0%          1
 Sandblast                Erth           100%       2d20      0%          1
 Shock                    Conj/Air       100%       1d9       0%          1
 Summon Small Mammal      Summ           100%       N/A       0%          1
 Corpse Rot               Necr/Air       100%       N/A       0%          2
 Ensorcelled Hibernation  Hex/Ice        100%       N/A       0%          2
 Passwall                 Tmut/Erth      80%        N/A       0%          2
 Poisonous Vapours        Pois/Air       100%       N/A       0%          2
 Scorch                   Fire           100%       2d10      0%          2
 Searing Ray              Conj           100%       2d8       0%          2
 Static Discharge         Conj/Air       100%       N/A       0%          2
 Sublimation of Blood     Necr           94%        N/A       0%          2
 Wereblood                Tmut           100%       N/A       0%          2
 Call Canine Familiar     Summ           94%        N/A       0%          3
 Confusing Touch          Hex            94%        N/A       0%          3
 Conjure Flame            Conj/Fire      100%       6-21      0%          3
 Dazzling Flash           Conj/Hex       100%       N/A       0%          3
 Gell's Gravitas          Tloc           94%        N/A       0%          3
 Ignite Poison            Fire/Tmut/Pois 96%        N/A       0%          3
 Inner Flame              Hex/Fire       94%        N/A       0%          3
 Lesser Beckoning         Tloc           94%        N/A       0%          3
 Mephitic Cloud           Conj/Pois/Air  100%       N/A       0%          3
 Portal Projectile        Hex/Tloc       100%       N/A       0%          3
 Spider Form              Tmut/Pois      97%        N/A       0%          3
 Stone Arrow              Conj/Erth      100%       3d13      0%          3
 Swiftness                Air            94%        N/A       0%          3
 Teleport Other           Tloc           94%        N/A       0%          3
 Airstrike                Air            47%        N/A       0%          4
 Anguish                  Hex/Necr       47%        N/A       0%          4
 Animate Dead             Necr           47%        N/A       0%          4
 Cause Fear               Hex            47%        N/A       0%          4
 Dispel Undead            Necr           94%        3d30      0%          4
 Flame Wave               Conj/Fire      100%       2d17      0%          4
 Fulminant Prism          Conj/Hex       59%        3d25      0%          4
 Hailstorm                Conj/Ice       100%       3d20      0%          4
 Ice Form                 Ice/Tmut       97%        N/A       0%          4
 Leda's Liquefaction      Hex/Erth       47%        N/A       0%          4
 Passage of Golubria      Tloc           94%        N/A       0%          4
 Sticky Flame             Conj/Fire      100%       2d11      0%          4
 Blade Hands              Tmut           50%        N/A       0%          5
 Iskenderun's Battlesphe  Conj           100%       2d15      0%          5
 Alistair's Intoxication  Tmut/Pois      64%        N/A       1%          5
 Freezing Cloud           Conj/Ice/Air   59%        6-21      1%          5
 Lee's Rapid Deconstruct  Erth           47%        3d23*     1%          5
 Lightning Bolt           Conj/Air       59%        1d82      1%          5
 Manifold Assault         Tloc           94%        N/A       1%          5
 Silence                  Hex/Air        47%        N/A       1%          5
 Summon Forest            Summ/Tloc      47%        N/A       1%          5
 Yara's Violent Unravell  Hex/Tmut       48%        3d19      1%          5
 Death Channel            Necr           47%        N/A       1%          6
 Dispersal                Tloc           47%        N/A       1%          6
 Eringya's Noxious Bog    Tmut/Pois      48%        N/A       1%          6
 Simulacrum               Ice/Necr       47%        N/A       1%          6
 Starburst                Conj/Fire      59%        6d16      1%          6
 Statue Form              Tmut/Erth      64%        N/A       1%          6
 Summon Cactus Giant      Summ           47%        N/A       1%          6
 Dragon Form              Tmut           50%        N/A       1%          7
 Enfeeble                 Hex            47%        N/A       1%          7
 Summon Hydra             Summ           47%        N/A       1%          7
 Lehudib's Crystal Spear  Conj/Erth      59%        10d14     8%          8
 Discord                  Hex            47%        N/A       11%         8
 Disjunction              Tloc           47%        N/A       11%         8
 Infestation              Necr           47%        N/A       11%         8
 Maxwell's Capacitive Co  Air            47%        ∞         11%         8
 Summon Horrible Things   Summ           47%        N/A       11%         8
 Dragon's Call            Summ           47%        N/A       88%         9
 Polar Vortex             Ice            47%        N/A       88%         9


Dungeon Overview and Level Annotations

Branches:
Dungeon (15/15)            Temple (1/1) D:5            Lair (6/6) D:8
  Swamp (4/4) Lair:4        Snake (4/4) Lair:2        Slime (5/5) Lair:5
    Orc (2/2) D:10            Elf (3/3) Orc:2        Vaults (4/5) D:13
  Crypt (0/3) Vaults:2     Depths (4/4) D:15            Zot (5/5) Depths:4
Ossuary (visited)         Volcano (visited)          WizLab (visited)
Gauntlet (visited)

Altars:
Ashenzari
Cheibriados
Dithmenos
Elyvilon
Fedhas
Gozag
Hepliaklqana
Kikubaaqudgha
Makhleb
Nemelex Xobeh
Okawaru
Qazlal
Ru
Sif Muna
Trog
Uskayaw
Vehumet
Wu Jian
Xom
Yredelemnul
Zin
The Shining One
Beogh
Jiyva
Lugonu

Shops:
D:1 [   D:4 [   D:6 :   D:10 (   D:11 =   D:14 [   D:15 [   Orc:1 :
Orc:2 [[??   Vaults:4 !?   Depths:1 :=![

Portals:
Hell: Depths:1 Depths:2 Depths:3 Depths:4
Abyss: Depths:3
Pandemonium: Depths:2 Depths:4
Ziggurat: Depths:2
Trove: D:13 (give 5 potions of resistance)

Annotations:
D:1 0.28 tournament
Elf:1 .stash!
Depths:2 1 runed translucent door
Zot:1 -tele amulet
Zot:5 6 transporters


Innate Abilities, Weirdness & Mutations

Your life essence is reduced to manifest your ancestor. (-10% HP)
You have very sharp teeth.
Your uncanny sense of smell can sniff out nearby items.
Your experience applies equally to all skills.
You have sharp toenails.
You have supernaturally acute eyesight. (SInv)
Your mind is acute. (Int +2)
You are resistant to electric shocks. (rElec)
Your spells are a little easier to cast, but a little less powerful.


Message History

There is a stone staircase leading down here.
Cipactli is recalled.
(D) Dungeon (T) Temple (L) Lair (S) Swamp (P) Snake Pit (M) Slime Pits (O) Orcish Mines (E) Elven Halls (V) Vaults (C) Crypt (U) Depths (H) Hell (Z) Zot
Where to? (Enter - D:1, ? - help)
What level of the Dungeon? (default 1, ? - help) Magic restored.
There is a stone staircase leading up here.
You fly upwards.
There is a stone staircase leading down here.
There is a stone staircase leading up here.
You fly upwards.
There is a stone staircase leading down here.
You see here a +0 club.
A blizzard demon comes into view.
The blizzard demon gestures at you.
Cipactli is engulfed in freezing vapours.
Cipactli is engulfed in freezing vapours.
There is a stone staircase leading up here.
You fly upwards.
There is a stone staircase leading down here.
(D) Dungeon (T) Temple (L) Lair (S) Swamp (P) Snake Pit (M) Slime Pits (O) Orcish Mines (E) Elven Halls (V) Vaults (C) Crypt (U) Depths (H) Hell (Z) Zot
Where to? (Enter - D:1, ? - help)
What level of the Dungeon? (default 1, ? - help)
You swap places.
There is a stone staircase leading up here.
You fly upwards.
There is a stone staircase leading down here.
There is an open door here.
There is an open door here.
There is an open door here.
There is a staircase leading out of the dungeon here.
Annotate which branch? (. - D:1, ? - help, ! - show branch list) New annotation for D:1 (include '!' for warning): 0.28 tournament You have escaped!

#.# #.# ########.#
#........###
#.######...## #.#
#.#..# ############'##
#≈≈≈≈≈≈≈≈≈.P..♣♣♣♣ ###
'..≈≈≈≈PP≈≈.....@♣♣#.#
#
#....≈≈PPP≈≈≈.<..R♣#.#
#
#♣....≈≈≈PPP≈≈.....#.#
#
♣♣.....≈≈≈≈≈≈≈....'.#
# ♣♣♣.....P..≈≈≈≈≈≈#.#
# ######'#########.#
##+.# #.#####.### ##
##...###.##......#
####. #
##.....##.......#.#
#....


You could see the friendly Cipactli the knight.

Vanquished Creatures
  Dissolution (Slime:1)
  the Royal Jelly (Slime:5)
  2 dread liches
  An ancient lich (Zot:5)
  2 orbs of fire
  Boris (Depths:4)
  5 Killer Klowns
  Bai Suzhen (Snake:3)
  A curse toe (Zot:5)
  A caustic shrike (Depths:2)
  6 golden dragons
  2 electric golems
  A walking crystal tome (Depths:2)
  14 tentacled monstrosities
  4 liches
  2 walking earthen tomes
  Asterion (Vaults:2)
  14 Orb Guardians (Zot:5)
  A moon troll (WizLab)
  2 deep elf master archers (Elf:3)
  8 quicksilver dragons
  A walking divine tome (Depths:2)
  An acid blob (shapeshifter) (Depths:2)
  2 deep elf blademasters
  4 tentacled starspawn (WizLab)
  9 death cobs
  4 sphinxes
  18 acid blobs
  11 storm dragons
  2 thorn hunters
  6 shadow dragons
  Frances (Elf:1)
  3 draconian monks
  3 nagarajas
  14 rockslimes
  5 deep elf sorcerers
  Aizul (Snake:3)
  11 azure jellies
  A fenstrider witch (Swamp:2)
  A cacodemon (WizLab)
  5 orc warlords
  4 draconian scorchers
  11 frost giants
  A draconian knight (Zot:1)
  4 draconian shifters
  6 fire giants
  2 balrugs (Zot:2)
  4 vault wardens
  3 draconian stormcallers
  Louise (Depths:3)
  2 deep elf elementalists (Elf:3)
  15 very ugly things
  4 spriggan defenders
  12 stone giants
  9 ironbound preservers
  8 quicksilver oozes
  3 ironbound thunderhulks
  A draconian annihilator (Zot:1)
  The ghost of Rayvis the Severer, a journeyman MiFi of Makhleb (Lair:4)
  The ghost of mopl the Severer, a journeyman MiBe of Trog (Lair:4)
  The ghost of Vufrucs the Grappler, a journeyman DrTm of Wu Jian (Lair:4)
  4 green draconians
  2 eleionomae
  8 red draconians
  A yellow draconian (Zot:4)
  3 purple draconians
  3 black draconians
  7 spark wasps
  4 deep elf annihilators
  2 black draconians (shapeshifter) (Zot:2)
  2 dire elephants (Vaults:2)
  6 bunyips (Swamp:3)
  5 deep elf demonologists
  4 white draconians
  A yellow draconian (shapeshifter) (Zot:2)
  An entropy weaver (Vaults:1)
  2 crystal guardians (Zot:2)
  4 deep elf death magi
  A green death (Gauntlet)
  A blizzard demon (Depths:3)
  6 ettins
  5 fire dragons
  6 yaktaur captains
  2 deep elf high priests
  2 shambling mangroves
  18 naga warriors
  13 rakshasas
  2 ghost crabs (Swamp:4)
  17 hydras
  An ice dragon (shapeshifter) (Depths:2)
  18 great orbs of eyes
  12 ice dragons
  4 spriggan air magi
  7 boulder beetles
  3 catoblepae (Lair:6)
  7 ironbound frosthearts
  An ogre mage (D:15)
  5 anacondas
  An alligator (Swamp:4)
  15 dancing weapons
  9 death yaks
  3 centaur warriors
  A death knight (D:11)
  A vampire mage (Depths:2)
  7 deep troll earth magi
  4 two-headed ogres
  3 tengu warriors
  7 deep troll shamans
  3 naga sharpshooters
  2 orc high priests
  2 shock serpents
  A hell knight (Depths:2)
  8 spriggan berserkers
  Urug (D:11)
  6 deep elf knights
  3 salamander mystics
  5 skeletal warriors
  An iron troll (Depths:3)
  A steelbarb worm (shapeshifter) (Depths:2)
  A wretched star (WizLab)
  3 goliath frogs
  41 deep trolls
  A sixfirhy (Depths:1)
  A flayed ghost (Depths:2)
  4 spriggan druids
  An orange crystal statue (WizLab)
  6 glowing orange brains
  7 ironbound convokers
  A shadow demon (Depths:4)
  6 naga ritualists
  An orb spider (Zot:2)
  5 wizards
  4 bog bodies
  6 deep elf archers
  18 deep elf pyromancers
  2 harpies (Vaults:3)
  5 lindwurms
  An obsidian statue (Gauntlet)
  9 swamp dragons (Swamp:4)
  5 orc sorcerers
  A necromancer (Depths:2)
  11 deep elf zephyrmancers
  A wolf spider (D:15)
  9 shining eyes
  2 will-o-the-wisps
  4 manticores
  8 orc knights
  17 ugly things
  A cyclops (D:12)
  8 mana vipers
  8 salamanders
  A glowing shapeshifter (Vaults:3)
  19 starcursed masses (WizLab)
  5 eyes of devastation
  11 black mambas
  3 elephants (Lair:4)
  25 moths of wrath
  6 vault sentinels
  A guardian serpent (Zot:2)
  12 naga magi
  A smoke demon (Depths:4)
  3 molten gargoyles (Volcano)
  2 cane toads
  A gargoyle (D:12)
  5 rime drakes
  15 yaktaurs
  4 efreet
  A kobold demonologist (D:7)
  An ice devil (Depths:4)
  2 komodo dragons
  Psyche (D:8)
  3 tengu conjurers
  A freezing wraith (D:11)
  A hellwing (Depths:4)
  A polar bear (Lair:5)
  A red devil (Depths:4)
  14 hornets
  8 trolls
  4 tyrant leeches
  A polar bear (shapeshifter) (D:15)
  2 nameless horrors
  67 slime creatures
  A queen bee (Lair:3)
  Prince Ribbit (D:7)
  19 blink frogs
  4 raiju (Zot:2)
  3 dream sheep (Lair:6)
  An ettin skeleton (Vaults:4)
  2 meliai zombies
  A shadow (D:12)
  4 wyverns
  An air elemental (Elf:1)
  8 spriggans
  3 water elementals (Depths:4)
  26 yaks
  2 wraiths
  2 fire elementals
  5 golden eyes
  A chaos spawn (Zot:1)
  3 basilisks
  6 vampire mosquitoes
  2 wargs
  16 nagas
  6 swamp worms
  2 acid dragons
  5 water moccasins
  4 floating eyes
  7 swamp drakes
  2 black bears
  A sky beast (D:7)
  36 orc warriors
  4 boggarts (Zot:2)
  8 centaurs
  12 ogres
  A necrophage (D:6)
  A phantom (D:4)
  An elf zombie (Ossuary)
  The ghost of FLACIDUS the Digger, an amateur GrEE (D:3)
  5 bullfrogs
  A kobold brigand (D:8)
  2 gnoll sergeants
  2 scorpions
  4 earth elementals
  3 wights (D:8)
  20 killer bees
  An electric eel (D:15)
  A hound (D:6)
  25 orc priests
  A bullfrog skeleton (D:5)
  6 jellies
  A scorpion zombie (D:5)
  30 orc wizards
  A killer bee zombie (D:7)
  2 hound zombies (Ossuary)
  2 mummies (Ossuary)
  8 gnolls
  2 adders
  2 white imps (D:6)
  An adder zombie (Ossuary)
  3 worms
  4 dart slugs
  78 orcs
  8 ball pythons
  13 endoplasms
  6 giant cockroaches
  10 goblins
  11 hobgoblins
  2 jackals (D:2)
  22 kobolds
  2 quokkas (D:2)
  4 bats
  3 frilled lizards
  4 goblin zombies (Ossuary)
  2 hobgoblin zombies (Ossuary)
  5 jackal zombies (Ossuary)
  4 kobold zombies (Ossuary)
  An orc zombie (Ossuary)
  2 quokka zombies (Ossuary)
  4 rats
  2 rat zombies (Ossuary)
  3 fulminant prisms
  A plant (Lair:6)
  4 starspawn tentacles (WizLab)
1481 creatures vanquished.

Vanquished Creatures (collateral kills)
  2 orbs of fire (Zot:5)
  5 Killer Klowns
  A curse toe (Zot:5)
  A caustic shrike (Depths:3)
  Saint Roka (Elf:2)
  Nikola (Snake:3)
  4 golden dragons
  2 electric golems
  A walking crystal tome (Depths:2)
  A tentacled monstrosity (Depths:3)
  4 Orb Guardians (Zot:5)
  A titan (Depths:2)
  2 quicksilver dragons
  A deep elf blademaster (Elf:3)
  7 acid blobs
  6 tentacled starspawn (WizLab)
  A sphinx (Vaults:4)
  3 death cobs
  A thorn hunter (Swamp:4)
  4 shadow dragons
  A storm dragon (Zot:2)
  A tengu reaver (Depths:2)
  2 azure jellies
  2 fire giants
  2 rockslimes
  3 nagarajas
  3 deep elf sorcerers
  2 draconian scorchers
  An orc warlord (Orc:2)
  A cacodemon (WizLab)
  2 vault wardens
  A deep elf elementalist (Elf:3)
  A war gargoyle (WizLab)
  3 draconian annihilators
  3 quicksilver oozes
  7 ironbound preservers
  7 stone giants
  3 very ugly things
  A deep elf demonologist (Elf:3)
  4 ironbound thunderhulks
  A vampire knight (Depths:2)
  3 red draconians
  A purple draconian (Zot:4)
  2 yellow draconians (Depths:4)
  5 green draconians
  A minotaur (Gauntlet)
  4 deep elf annihilators (Elf:3)
  3 dire elephants
  The ghost of Oluanan the Fighter, a journeyman DsFi of Hepliaklqana (Lair:3)
  3 black draconians
  2 spark wasps (Depths:1)
  3 white draconians
  4 bunyips
  An ettin (Depths:1)
  A deep elf death mage (Elf:3)
  A fire dragon (Depths:1)
  3 deep elf high priests (Elf:3)
  7 great orbs of eyes
  A peacekeeper (Vaults:4)
  2 yaktaur captains
  A shambling mangrove (Swamp:2)
  11 naga warriors
  A boulder beetle (D:12)
  An ice dragon (Depths:1)
  A catoblepas (Lair:5)
  2 ironbound frosthearts
  A salamander tyrant (Snake:2)
  12 hydras
  A rakshasa (Zot:2)
  An anaconda (shapeshifter) (Elf:2)
  2 ghost crabs
  A centaur warrior (D:15)
  3 anacondas
  A two-headed ogre (D:15)
  3 alligators (Swamp:4)
  5 naga sharpshooters
  A tengu warrior (D:14)
  13 dancing weapons
  A deep troll earth mage (Vaults:3)
  A shock serpent (Snake:2)
  4 orc high priests
  A large abomination (Zot:1)
  15 deep elf knights
  A hell knight (Depths:2)
  A salamander mystic (Snake:2)
  5 glowing orange brains
  An iron troll (Vaults:3)
  A skeletal warrior (D:15)
  19 deep trolls
  4 lindwurms
  A shadow wraith (Vaults:3)
  A flayed ghost (Depths:2)
  3 naga ritualists
  An orb spider (Zot:2)
  4 bog bodies
  2 spriggan druids
  5 deep elf archers
  3 wizards
  4 ironbound convokers
  2 necromancers
  2 harpies (Vaults:3)
  8 deep elf pyromancers
  5 orc knights
  2 orc sorcerers
  A mana viper (shapeshifter) (Depths:2)
  3 mana vipers
  A tengu skeleton (Vaults:3)
  4 manticores
  9 deep elf zephyrmancers
  2 cyclopes
  2 will-o-the-wisps
  6 ugly things
  An iron dragon skeleton (Vaults:3)
  6 salamanders
  4 moths of wrath
  3 elephants
  A moth of wrath (shapeshifter) (Depths:1)
  A toenail golem (Volcano)
  8 guardian serpents
  11 black mambas
  2 vault sentinels
  3 naga magi (Snake:1)
  A titan simulacrum (Vaults:4)
  5 eyes of devastation
  9 cane toads
  A rime drake (Lair:4)
  An unseen horror (D:13)
  5 yaktaurs
  4 komodo dragons
  3 trolls
  A freezing wraith (D:14)
  7 hornets
  A polar bear (Lair:4)
  3 tyrant leeches
  A merfolk (D:15)
  45 slime creatures
  7 blink frogs
  A dream sheep (Lair:6)
  A raiju (Zot:2)
  3 air elementals
  8 spriggans
  3 shadows
  17 yaks
  4 wyverns
  4 golden eyes (WizLab)
  A wraith (D:11)
  A neqoxec (WizLab)
  A vampire mosquito (D:12)
  4 fire elementals (Volcano)
  3 basilisks
  12 swamp worms
  2 acid dragons
  4 wargs
  22 nagas
  5 water moccasins
  2 floating eyes (Depths:3)
  18 orc warriors
  5 swamp drakes (Swamp:4)
  5 starcursed masses (WizLab)
  4 ogres
  5 centaurs
  A kobold brigand (D:8)
  An elf zombie (Ossuary)
  A glowing shapeshifter simulacrum (Vaults:3)
  An ogre simulacrum (Vaults:4)
  12 killer bees
  2 centaur zombies
  2 jellies (Lair:5)
  18 orc priests
  4 human zombies
  An iguana (Lair:4)
  12 orc wizards
  A mummy (Ossuary)
  A howler monkey zombie (D:11)
  8 gnolls
  An ufetubus (D:15)
  An adder zombie (Ossuary)
  12 orcs
  An endoplasm (Lair:5)
  2 goblin zombies (Ossuary)
  A hobgoblin zombie (Ossuary)
  An orc zombie (Ossuary)
  A rat zombie (Ossuary)
  5 starspawn tentacles (WizLab)
693 creatures vanquished.

Vanquished Creatures (others)
  6 eldritch tentacles
  A very ugly thing (Depths:1)
  A deep elf knight (Elf:1)
  A moth of wrath (Zot:4)
  A vault sentinel (Vaults:4)
  A cane toad (Lair:5)
  4 yaktaurs
  An ancestor (D:7)
  37 knights
  A butterfly (Zot:2)
  7 demonic plants
  A fire vortex (Volcano)
  16 foxfires
  359 fulminant prisms
  36 fungi
  77 plants
  18 starspawn tentacles (WizLab)
568 creatures vanquished.

Grand Total: 2742 creatures vanquished

Notes
Turn   | Place    | Note
-------+----------+-------------------------------------------
     0 | D:1      | Masnef the Gnoll Conjurer began the quest for the Orb.
     0 | D:1      | Reached XP level 1. HP: 13/13 MP: 6/6
   406 | D:1      | Reached XP level 2. HP: 19/19 MP: 4/7
   451 | D:1      | Learned a level 2 spell: Searing Ray
  1119 | D:1      | Reached XP level 3. HP: 25/25 MP: 6/9
  1174 | D:1      | Reached skill level 5 in Spellcasting
  1395 | D:1      | Found Gotit's Armour Shoppe.
  1556 | D:2      | Reached skill level 1 in Invocations
  1841 | D:2      | Reached skill level 1 in Fighting
  1841 | D:2      | Reached skill level 1 in Short Blades
  1841 | D:2      | Reached skill level 1 in Long Blades
  1841 | D:2      | Reached skill level 1 in Axes
  1841 | D:2      | Reached skill level 1 in Maces & Flails
  1841 | D:2      | Reached skill level 1 in Polearms
  1841 | D:2      | Reached skill level 1 in Staves
  1841 | D:2      | Reached skill level 1 in Slings
  1841 | D:2      | Reached skill level 1 in Bows
  1841 | D:2      | Reached skill level 1 in Crossbows
  1841 | D:2      | Reached skill level 1 in Throwing
  1841 | D:2      | Reached skill level 1 in Armour
  1841 | D:2      | Reached skill level 1 in Shields
  1841 | D:2      | Reached skill level 1 in Unarmed Combat
  1841 | D:2      | Reached skill level 1 in Evocations
  1867 | D:2      | Reached XP level 4. HP: 32/32 MP: 2/11
  2562 | D:2      | Found a faded altar of an unknown god.
  2575 | D:3      | Noticed an orc warrior
  2634 | D:3      | Reached skill level 1 in Hexes
  2634 | D:3      | Reached skill level 1 in Summonings
  2634 | D:3      | Reached skill level 1 in Necromancy
  2634 | D:3      | Reached skill level 1 in Translocations
  2634 | D:3      | Reached skill level 1 in Transmutations
  2634 | D:3      | Reached skill level 1 in Fire Magic
  2634 | D:3      | Reached skill level 1 in Ice Magic
  2634 | D:3      | Reached skill level 1 in Air Magic
  2634 | D:3      | Reached skill level 1 in Earth Magic
  2634 | D:3      | Reached skill level 1 in Poison Magic
  2637 | D:3      | Learned a level 2 spell: Blink
  2641 | D:3      | Learned a level 3 spell: Dazzling Flash
  2646 | D:3      | Learned a level 4 spell: Fulminant Prism
  2855 | D:3      | Reached XP level 5. HP: 37/37 MP: 7/12
  2876 | D:3      | Found a runed translucent gate.
  2877 | D:3      | Found a runed translucent gate.
  2980 | D:3      | Found a runed translucent gate.
  2980 | D:3      | Noticed FLACIDUS's ghost (amateur GrEE)
  2985 | D:3      | Found a sacrificial altar of Ru.
  3324 | D:4      | Noticed a phantom
  3332 | D:4      | Killed a phantom
  3495 | D:4      | Reached XP level 6. HP: 44/44 MP: 8/13
  3819 | D:3      | Reached skill level 5 in Dodging
  3905 | D:3      | Found a burning altar of Makhleb.
  3905 | D:3      | Found a glowing silver altar of Zin.
  3906 | D:3      | Noticed an angel
  3906 | D:3      | Noticed a balrug
  4470 | D:3      | Killed an orc warrior
  4784 | D:4      | Reached XP level 7. HP: 50/50 MP: 7/15
  5096 | D:4      | Found Iluttuv's Armour Emporium.
  5381 | D:5      | Entered Level 5 of the Dungeon
  5601 | D:5      | Reached skill level 5 in Stealth
  5767 | D:5      | Found a staircase to the Ecumenical Temple.
  5788 | Temple   | Entered the Ecumenical Temple
  6340 | Temple   | Reached XP level 8. HP: 38/57 MP: 1/16
  6610 | D:5      | Found a hide-covered altar of Uskayaw.
  6614 | D:5      | Found a hazy altar of Hepliaklqana.
  6619 | D:5      | Became a worshipper of Hepliaklqana the Forgotten
  6624 | D:5      | Found a snail-covered altar of Cheibriados.
  7582 | D:6      | Noticed a troll
  7892 | D:5      | Killed a troll
  7953 | D:6      | Found Eskopn's Book Shoppe.
  8079 | D:6      | Found a sparkling altar of Nemelex Xobeh.
  8084 | D:6      | Reached XP level 9. HP: 65/65 MP: 13/18
  8688 | D:7      | Found a sand-covered staircase.
  8697 | Ossuary  | Entered an ossuary
  8697 | Ossuary  | Reached * piety under Hepliaklqana
  9431 | D:7      | Noticed a troll
  9593 | D:7      | Noticed Prince Ribbit
  9598 | D:7      | Killed Prince Ribbit
  9599 | D:7      | Reached skill level 5 in Invocations
  9630 | D:7      | Noticed a kobold demonologist
  9638 | D:7      | Noticed an ice devil
  9641 | D:7      | Killed a kobold demonologist
  9681 | D:7      | Reached XP level 10. HP: 51/65 MP: 2/20
 10083 | D:7      | Identified the +3 halberd "Harych" {freeze, *Slow rC+ Dex+5
                  | Stlth+}
 10240 | D:8      | Found a staircase to the Lair.
 10248 | D:8      | Reached skill level 5 in Fighting
 10248 | D:8      | Reached skill level 5 in Short Blades
 10248 | D:8      | Reached skill level 5 in Long Blades
 10248 | D:8      | Reached skill level 5 in Axes
 10248 | D:8      | Reached skill level 5 in Maces & Flails
 10248 | D:8      | Reached skill level 5 in Polearms
 10248 | D:8      | Reached skill level 5 in Staves
 10248 | D:8      | Reached skill level 5 in Slings
 10248 | D:8      | Reached skill level 5 in Bows
 10248 | D:8      | Reached skill level 5 in Crossbows
 10248 | D:8      | Reached skill level 5 in Throwing
 10248 | D:8      | Reached skill level 5 in Armour
 10248 | D:8      | Reached skill level 5 in Shields
 10248 | D:8      | Reached skill level 5 in Unarmed Combat
 10248 | D:8      | Reached skill level 5 in Evocations
 10642 | D:8      | Noticed Psyche
 10647 | D:8      | Killed Psyche
 11238 | D:8      | Reached ** piety under Hepliaklqana
 11239 | D:8      | Remembered your ancestor Cipactli as a knight
 11920 | D:9      | Identified the +0 cloak of the Apothecary {Will+ Regen+
                  | Int+6 Dex-2}
 11960 | D:9      | Learned a level 4 spell: Iskenderun's Mystic Blast
 12171 | D:4      | Bought the +3 hat of Pondering {ponderous, Will+ MP+10
                  | Int+5} for 419 gold pieces
 12171 | D:4      | Found the +3 hat of Pondering {ponderous, Will+ MP+10
                  | Int+5}
 12534 | D:9      | Identified the +0 scale mail of Zar Legg {Contam rC+ rN++}
 12843 | D:10     | Entered Level 10 of the Dungeon
 12878 | D:10     | Reached XP level 11. HP: 44/72 MP: 22/22
 13152 | D:10     | Found a shadowy altar of Dithmenos.
 13205 | D:10     | Noticed a two-headed ogre
 13208 | D:10     | Killed a two-headed ogre
 13209 | D:10     | Reached skill level 5 in Hexes
 13209 | D:10     | Reached skill level 5 in Summonings
 13209 | D:10     | Reached skill level 5 in Necromancy
 13209 | D:10     | Reached skill level 5 in Translocations
 13209 | D:10     | Reached skill level 5 in Transmutations
 13209 | D:10     | Reached skill level 5 in Fire Magic
 13209 | D:10     | Reached skill level 5 in Ice Magic
 13209 | D:10     | Reached skill level 5 in Air Magic
 13209 | D:10     | Reached skill level 5 in Earth Magic
 13209 | D:10     | Reached skill level 5 in Poison Magic
 13360 | D:10     | Found an iron altar of Okawaru.
 13478 | D:10     | Noticed a brown ugly thing
 13487 | D:10     | Killed a brown ugly thing
 13569 | D:10     | Found a staircase to the Orcish Mines.
 13809 | D:10     | Found Eha Gusij's Weapon Boutique.
 13869 | D:11     | Noticed a death knight
 13904 | D:11     | Noticed a skeletal warrior
 13969 | Lair:1   | Entered Level 1 of the Lair of Beasts
 13969 | Lair:1   | Noticed a seven-headed hydra
 13969 | Lair:1   | Reached *** piety under Hepliaklqana
 13974 | Lair:1   | Killed a seven-headed hydra
 14115 | Lair:1   | Noticed a four-headed hydra
 14125 | Lair:1   | Killed a four-headed hydra
 14514 | Lair:1   | Noticed a six-headed hydra
 14520 | Lair:1   | Killed a six-headed hydra
 14608 | Lair:1   | Reached XP level 12. HP: 80/80 MP: 14/24
 15255 | Lair:2   | Found a dark tunnel.
 15263 | Volcano  | Entered a volcano
 16143 | Lair:2   | Reached **** piety under Hepliaklqana
 16306 | Lair:2   | Found a staircase to the Snake Pit.
 17069 | Lair:3   | Reached XP level 13. HP: 77/88 MP: 6/26
 17069 | Lair:3   | Upgraded the game from 0.28-b1-25-g9875b3fc8c to 0.28.0
 17289 | Lair:3   | Found a runed translucent gate.
 17289 | Lair:3   | Found a runed translucent gate.
 17289 | Lair:3   | Found a runed translucent gate.
 17296 | Lair:3   | Noticed Oluanan's ghost (journeyman DsFi)
 17506 | D:3      | Killed FLACIDUS's ghost
 18579 | Lair:3   | Killed Oluanan's ghost
 18994 | Lair:4   | Reached ***** piety under Hepliaklqana
 18996 | Lair:4   | Found a basalt altar of Yredelemnul.
 19236 | Lair:4   | Reached skill level 10 in Conjurations
 19387 | Lair:4   | Found a runed translucent gate.
 19388 | Lair:4   | Found a runed translucent gate.
 19389 | Lair:4   | Found a runed translucent gate.
 19390 | Lair:4   | Noticed Rayvis's ghost (journeyman MiFi)
 19390 | Lair:4   | Noticed Vufrucs's ghost (journeyman DrTm)
 19390 | Lair:4   | Noticed mopl's ghost (journeyman MiBe)
 19953 | Lair:4   | Found a staircase to the Swamp.
 20487 | Lair:5   | Reached skill level 10 in Spellcasting
 20773 | Lair:5   | Learned a level 3 spell: Inner Flame
 21101 | Lair:5   | Identified the +9 dagger "Etzoax" {antimagic, rC+ Int+3}
 21116 | Lair:5   | Reached skill level 10 in Dodging
 21122 | Lair:5   | Reached XP level 14. HP: 84/95 MP: 24/28
 21244 | Lair:5   | Found a staircase to the Slime Pits.
 21428 | Lair:5   | Reached skill level 10 in Stealth
 21960 | Lair:6   | Entered Level 6 of the Lair of Beasts
 22078 | Lair:6   | Found a gate leading to a gauntlet.
 22086 | Gauntlet | Entered a Gauntlet
 22086 | Gauntlet | Found a transporter.
 22086 | Gauntlet | Found a transporter.
 22086 | Gauntlet | Found a transporter.
 22123 | Gauntlet | Found a transporter.
 22135 | Gauntlet | Found a transporter.
 22154 | Gauntlet | Found a transporter.
 22165 | Gauntlet | Found a transporter.
 22173 | Gauntlet | Found a transporter.
 22175 | Gauntlet | Found a large runed translucent door.
 22176 | Gauntlet | Found a large runed translucent door.
 22177 | Gauntlet | Found a large runed translucent door.
 22177 | Gauntlet | Found a large runed translucent door.
 22177 | Gauntlet | Found a runed translucent door.
 22211 | Gauntlet | Found a transporter.
 22229 | Gauntlet | Found a transporter.
 22233 | Gauntlet | Found a large runed translucent door.
 22234 | Gauntlet | Found a large runed translucent door.
 22235 | Gauntlet | Found a large runed translucent door.
 22235 | Gauntlet | Found a large runed translucent door.
 22236 | Gauntlet | Found a runed translucent gate.
 22237 | Gauntlet | Found a transporter.
 22237 | Gauntlet | Found a runed translucent gate.
 22238 | Gauntlet | Found a runed translucent gate.
 22239 | Gauntlet | Found a large runed translucent door.
 22239 | Gauntlet | Found a large runed translucent door.
 22240 | Gauntlet | Found a large runed translucent door.
 22241 | Gauntlet | Found a large runed translucent door.
 22250 | Gauntlet | Found a large runed translucent door.
 22250 | Gauntlet | Found a large runed translucent door.
 22250 | Gauntlet | Found a runed translucent door.
 22251 | Gauntlet | Found a large runed translucent door.
 22252 | Gauntlet | Found a large runed translucent door.
 22254 | Gauntlet | Found a transporter.
 22323 | Gauntlet | Identified the +1 helmet "Hyloa" {Rampage SInv}
 22417 | Gauntlet | Identified the ring "Forow" {Fly rF+ Dex+3}
 22454 | Gauntlet | Identified the +0 shortbow of Glory {venom, Contam rPois
                  | MP+9 Stlth+}
 22454 | Gauntlet | Identified the ring "Ceyfu" {rN+ Will+}
 22464 | Gauntlet | Reached skill level 10 in Invocations
 22474 | Gauntlet | Got Qauqied's Grimoire of Orientation
 23794 | Lair:6   | Identified the +5 ring mail "Cesapnukk" {Fly rC- rCorr}
 24074 | Orc:1    | Entered Level 1 of the Orcish Mines
 24475 | Orc:1    | Noticed an orc warlord
 24503 | Orc:1    | Killed an orc warlord
 25190 | Orc:1    | Reached XP level 15. HP: 72/103 MP: 15/29
 25394 | Orc:1    | Learned a level 5 spell: Borgnjor's Vile Clutch
 25563 | Orc:2    | Entered Level 2 of the Orcish Mines
 25563 | Orc:2    | Noticed an orc warlord
 25576 | Orc:2    | Killed an orc warlord
 25621 | Orc:2    | Found a staircase to the Elven Halls.
 25860 | Orc:2    | Noticed an orc warlord
 25885 | Orc:1    | Killed an orc warlord
 26417 | Orc:2    | Reached skill level 10 in Fighting
 26417 | Orc:2    | Reached skill level 10 in Short Blades
 26417 | Orc:2    | Reached skill level 10 in Long Blades
 26417 | Orc:2    | Reached skill level 10 in Axes
 26417 | Orc:2    | Reached skill level 10 in Maces & Flails
 26417 | Orc:2    | Reached skill level 10 in Polearms
 26417 | Orc:2    | Reached skill level 10 in Staves
 26417 | Orc:2    | Reached skill level 10 in Slings
 26417 | Orc:2    | Reached skill level 10 in Bows
 26417 | Orc:2    | Reached skill level 10 in Crossbows
 26417 | Orc:2    | Reached skill level 10 in Throwing
 26417 | Orc:2    | Reached skill level 10 in Armour
 26417 | Orc:2    | Reached skill level 10 in Shields
 26417 | Orc:2    | Reached skill level 10 in Unarmed Combat
 26417 | Orc:2    | Reached skill level 10 in Evocations
 27147 | Orc:1    | Found Emecumn's Book Shop.
 27420 | Orc:2    | Reached ****** piety under Hepliaklqana
 27661 | Orc:2    | Found Guluskip's Magic Scroll Shoppe.
 27662 | Orc:2    | Found Nogabu's Magic Scroll Shoppe.
 27663 | Orc:2    | Found Gonemah's Antique Armour Emporium.
 27667 | Orc:2    | Found Uhist's Antique Armour Emporium.
 27780 | Orc:2    | Bought a scroll of acquirement for 728 gold pieces
 27781 | Orc:2    | Bought a scroll of blinking for 90 gold pieces
 27781 | Orc:2    | Bought a scroll of blinking for 90 gold pieces
 27781 | Orc:2    | Bought a scroll of teleportation for 36 gold pieces
 27781 | Orc:2    | Bought a scroll of identify for 24 gold pieces
 27781 | Orc:2    | Bought a scroll of identify for 24 gold pieces
 27787 | Orc:2    | Bought a scroll of fog for 28 gold pieces
 27787 | Orc:2    | Bought a scroll of fog for 28 gold pieces
 27787 | Orc:2    | Bought a scroll of fog for 28 gold pieces
 27787 | Orc:2    | Bought a scroll of teleportation for 42 gold pieces
 27787 | Orc:2    | Bought a scroll of identify for 28 gold pieces
 27787 | Orc:2    | Bought a scroll of teleportation for 42 gold pieces
 27787 | Orc:2    | Bought a scroll of identify for 28 gold pieces
 27891 | D:11     | Noticed Urug
 27900 | D:11     | Killed Urug
 28191 | D:11     | Found Lykh's Jewellery Emporium.
 29677 | D:13     | Found a gate to the Vaults.
 29690 | D:13     | HP: 2/103 [yaktaur captain/bolt (26)]
 30213 | D:13     | Found a portal to a secret trove of treasure.
 31553 | D:14     | Found a shadowy altar of Dithmenos.
 31607 | D:14     | Found Wyul's Antique Armour Shop.
 31652 | D:14     | Bought a smoking robe for 119 gold pieces
 31652 | D:14     | Identified the +1 robe "Tetakerr" {Will+} (You bought it in
                  | a shop on level 14 of the Dungeon)
 31654 | D:14     | Bought a spiked ring mail for 189 gold pieces
 31654 | D:14     | Identified the +1 ring mail of Liyryh {Int+2 Dex-4 Stlth+}
                  | (You bought it in a shop on level 14 of the Dungeon)
 31707 | D:14     | Reached XP level 16. HP: 110/110 MP: 31/31
 32302 | D:15     | Entered Level 15 of the Dungeon
 32563 | D:15     | Found Hute's Antique Armour Shoppe.
 32637 | D:15     | Bought a pair of bloodstained gloves for 228 gold pieces
 32637 | D:15     | Identified the +3 pair of gloves of Least Resistance {Fly
                  | rElec MP-9} (You bought it in a shop on level 15 of the
                  | Dungeon)
 32737 | D:15     | Found a sparkling altar of Nemelex Xobeh.
 33026 | D:15     | Identified the +6 chain mail of Spite {Will++}
 33522 | D:15     | Found a staircase to the Depths.
 33869 | Swamp:1  | Entered Level 1 of the Swamp
 34088 | Lair:4   | Killed Vufrucs's ghost
 34091 | Lair:4   | Killed mopl's ghost
 34127 | Lair:4   | Killed Rayvis's ghost
 35293 | Swamp:2  | Acquired the +4 kite shield of the Moon {Harm rPois Str+4}
 35766 | Swamp:2  | Noticed a fenstrider witch
 35775 | Swamp:2  | Killed a fenstrider witch
 36368 | Swamp:3  | Noticed a thorn hunter
 36644 | Swamp:3  | Killed a thorn hunter
 36655 | Swamp:3  | Reached XP level 17. HP: 111/117 MP: 4/33
 36661 | Swamp:4  | Entered Level 4 of the Swamp
 39311 | Swamp:4  | Reached skill level 10 in Hexes
 39311 | Swamp:4  | Reached skill level 10 in Summonings
 39311 | Swamp:4  | Reached skill level 10 in Necromancy
 39311 | Swamp:4  | Reached skill level 10 in Translocations
 39311 | Swamp:4  | Reached skill level 10 in Transmutations
 39311 | Swamp:4  | Reached skill level 10 in Fire Magic
 39311 | Swamp:4  | Reached skill level 10 in Ice Magic
 39311 | Swamp:4  | Reached skill level 10 in Air Magic
 39311 | Swamp:4  | Reached skill level 10 in Earth Magic
 39311 | Swamp:4  | Reached skill level 10 in Poison Magic
 39771 | Swamp:4  | Got a decaying rune of Zot
 39981 | Snake:1  | Entered Level 1 of the Snake Pit
 40676 | Snake:1  | Learned a level 5 spell: Irradiate
 41191 | Snake:1  | Reached XP level 18. HP: 107/126 MP: 8/35
 43434 | Snake:3  | Noticed Nikola
 43434 | Snake:3  | Noticed Aizul
 43460 | Snake:3  | Killed Nikola
 43642 | Snake:3  | Killed Aizul
 44572 | Snake:3  | Noticed Bai Suzhen
 44578 | Snake:3  | Killed Bai Suzhen
 45053 | Snake:4  | Entered Level 4 of the Snake Pit
 46310 | Snake:4  | Reached XP level 19. HP: 133/133 MP: 26/36
 46924 | Snake:4  | Got a serpentine rune of Zot
 47255 | Vaults:1 | Entered Level 1 of the Vaults
 48365 | Vaults:1 | You are sucked into a shaft and drop 1 floor!
 49312 | Vaults:2 | Noticed Asterion
 49323 | Vaults:2 | Killed Asterion
 49817 | Vaults:2 | Found a staircase to the Crypt.
 49817 | Vaults:2 | Found a basalt altar of Yredelemnul.
 49818 | Vaults:2 | Found an ancient bone altar of Kikubaaqudgha.
 50103 | Vaults:2 | Reached XP level 20. HP: 133/141 MP: 38/38
 51778 | Vaults:3 | Reached skill level 15 in Invocations
 51836 | Vaults:3 | Identified the +0 chain mail of Ynolla {rC- Str+3}
 52212 | Vaults:3 | Identified the +2 chain mail "Tishocen" {Dex+3 SInv Stlth+}
 53432 | Vaults:4 | Found Evily's Magic Scroll Boutique.
 53441 | Vaults:4 | Bought a scroll of blinking for 135 gold pieces
 53441 | Vaults:4 | Bought a scroll of fog for 36 gold pieces
 53453 | Vaults:4 | Found Sule's Distillery.
 53461 | Vaults:4 | Bought a potion of heal wounds for 75 gold pieces
 53461 | Vaults:4 | Bought a potion of heal wounds for 75 gold pieces
 53966 | Vaults:4 | Identified the ring of Ephemeral Luck {rElec rPois rC+
                  | Will- Dex+4}
 54428 | Elf:1    | Entered Level 1 of the Elven Halls
 54428 | Elf:1    | Found a runed translucent gate.
 54428 | Elf:1    | Found a runed translucent gate.
 54428 | Elf:1    | Found a runed translucent gate.
 54428 | Elf:1    | Found a runed translucent gate.
 54428 | Elf:1    | Found a runed translucent gate.
 54428 | Elf:1    | Found a runed translucent gate.
 54430 | Elf:1    | Found a runed translucent door.
 54434 | Elf:1    | Reached XP level 21. HP: 142/146 MP: 29/39
 54488 | Elf:1    | Found a runed translucent door.
 54547 | Elf:1    | Found a magical portal.
 54554 | WizLab   | Entered Lehudib's Moon Base
 54699 | WizLab   | Reached skill level 15 in Spellcasting
 55040 | WizLab   | Paralysed by accursed screaming for 1 turns
 55125 | WizLab   | Reached skill level 15 in Dodging
 55135 | WizLab   | Found a transporter.
 55254 | WizLab   | Found a transporter.
 55659 | WizLab   | Gained mutation: You are clumsy. (Dex -2) [a cacodemon]
 55921 | WizLab   | Identified the +2 pair of gloves of Reason {rElec rPois rC-
                  | rCorr}
 55924 | WizLab   | Identified the +7 quarterstaff of the Volcano {vorpal, rF++
                  | rC-}
 56049 | Elf:1    | Reached skill level 15 in Stealth
 56171 | Elf:1    | Got the Volume of Conjuration
 56427 | Elf:1    | Noticed Frances
 56437 | Elf:1    | Killed Frances
 56437 | Elf:1    | Paralysed by an air elemental for 1 turns
 56443 | Elf:1    | Paralysed by an air elemental for 1 turns
 56757 | Elf:1    | Found a corrupted altar of Lugonu.
 57459 | Elf:2    | Paralysed by an air elemental for 1 turns
 57463 | Elf:2    | Paralysed by an air elemental for 1 turns
 57704 | Elf:2    | Found a runed translucent gate.
 57704 | Elf:2    | Found a runed translucent gate.
 57704 | Elf:2    | Found a runed translucent gate.
 57759 | Elf:2    | Noticed Saint Roka
 57765 | Elf:2    | Killed Saint Roka
 57780 | Elf:2    | Reached XP level 22. HP: 156/156 MP: 8/41
 58389 | Elf:3    | Entered Level 3 of the Elven Halls
 58989 | Elf:3    | Reached skill level 15 in Fighting
 58989 | Elf:3    | Reached skill level 15 in Short Blades
 58989 | Elf:3    | Reached skill level 15 in Long Blades
 58989 | Elf:3    | Reached skill level 15 in Axes
 58989 | Elf:3    | Reached skill level 15 in Maces & Flails
 58989 | Elf:3    | Reached skill level 15 in Polearms
 58989 | Elf:3    | Reached skill level 15 in Staves
 58989 | Elf:3    | Reached skill level 15 in Slings
 58989 | Elf:3    | Reached skill level 15 in Bows
 58989 | Elf:3    | Reached skill level 15 in Crossbows
 58989 | Elf:3    | Reached skill level 15 in Throwing
 58989 | Elf:3    | Reached skill level 15 in Armour
 58989 | Elf:3    | Reached skill level 15 in Shields
 58989 | Elf:3    | Reached skill level 15 in Unarmed Combat
 58989 | Elf:3    | Reached skill level 15 in Evocations
 58989 | Elf:3    | Identified the +3 war axe "Beirch" {vorpal, rPois Will+
                  | SInv Stlth+}
 59160 | Elf:3    | Identified the ring of the Priest {rN+ rCorr}
 59179 | Elf:3    | Identified the +5 short sword of Glory {protect, Str+5}
 59314 | Elf:3    | Identified the ring "Guin" {rF+ Str+6 Dex+2 Slay+2}
 59329 | Elf:3    | Identified the +0 gold dragon scales of Xom's Favour {rElec
                  | rPois rF+ rC+ Str-5 SInv}
 59682 | Elf:3    | Identified the +3 ring mail of Gagig {Int+6 Dex+4}
 59860 | Elf:3    | Paralysed by an air elemental for 1 turns
 59863 | Elf:3    | Paralysed by an air elemental for 1 turns
 60319 | Depths:1 | Entered Level 1 of the Depths
 60326 | Depths:1 | Learned a level 5 spell: Fireball
 60945 | Depths:1 | Found Dawaquto's Antique Armour Emporium.
 60945 | Depths:1 | Found Qeromp's Book Shoppe.
 60959 | Depths:1 | Found Muvem's Jewellery Shoppe.
 60973 | Depths:1 | Found Dikhypt's Distillery.
 60986 | Depths:1 | Bought a potion of heal wounds for 95 gold pieces
 60986 | Depths:1 | Bought a potion of heal wounds for 95 gold pieces
 60986 | Depths:1 | Bought a potion of curing for 57 gold pieces
 61050 | Depths:1 | Found a gateway to Hell.
 61237 | Depths:1 | Found a white marble altar of Elyvilon.
 61237 | Depths:1 | Found a glowing golden altar of the Shining One.
 61238 | Depths:1 | Found a glowing silver altar of Zin.
 61496 | Depths:2 | Found a blossoming altar of Fedhas.
 61877 | Depths:2 | Found a runed translucent door.
 61904 | Depths:2 | Found a runed translucent door.
 61981 | Depths:2 | Reached XP level 23. HP: 38/163 MP: 31/43
 62282 | Depths:2 | Found a one-way gate leading to the halls of Pandemonium.
 62534 | Depths:2 | Acquired a book of Power
 62543 | Depths:2 | Learned a level 6 spell: Iron Shot
 62666 | Depths:2 | Identified the amulet "Fioduts" {Spirit rN+}
 63627 | Depths:2 | Found a one-way gateway to a ziggurat.
 63819 | Depths:2 | Reached skill level 15 in Conjurations
 64089 | Depths:2 | Noticed a golden dragon
 64096 | Depths:2 | Killed a golden dragon
 64366 | Depths:2 | Identified the +2 spear "Keineippoo" {freeze, rC++ rN+ SInv
                  | Stlth-}
 64994 | Vaults:4 | Bought a potion of magic for 120 gold pieces
 64994 | Vaults:4 | Bought a potion of cancellation for 120 gold pieces
 65246 | Depths:2 | Noticed a golden dragon
 65248 | Depths:2 | Noticed a caustic shrike
 65254 | Depths:2 | Killed a golden dragon
 65256 | Depths:2 | Killed a caustic shrike
 66160 | Depths:3 | Noticed a caustic shrike
 66160 | Depths:3 | Noticed a golden dragon
 66169 | Depths:3 | Noticed a golden dragon
 66214 | Depths:3 | Paralysed by a floating eye for 4 turns
 66336 | Depths:3 | Killed a caustic shrike
 66341 | Depths:3 | Killed a golden dragon
 66344 | Depths:3 | Killed a golden dragon
 66358 | Depths:3 | Noticed a golden dragon
 66363 | Depths:3 | Killed a golden dragon
 66891 | Depths:3 | Identified the +0 ring mail "Fadaunam" {Will+ Str+4}
 66936 | Depths:3 | Reached XP level 24. HP: 162/163 MP: 23/43
 67400 | Depths:3 | Found a one-way gate to the infinite horrors of the Abyss.
 67403 | Depths:3 | Noticed Louise
 67406 | Depths:3 | Killed Louise
 67904 | Depths:4 | Entered Level 4 of the Depths
 68484 | Depths:4 | Noticed Boris
 68513 | Depths:4 | Killed Boris
 69084 | Depths:4 | Found a gate to the Realm of Zot.
 69683 | Depths:4 | Got the Compendium of Harmful Moulding
 70419 | Slime:1  | Entered Level 1 of the Pits of Slime
 70596 | Slime:2  | Noticed Dissolution
 70652 | Slime:2  | Lost mutation: You are clumsy. (Dex -2) [a shining eye]
 70657 | Slime:1  | Killed Dissolution
 70726 | Slime:2  | Reached skill level 15 in Transmutations
 71900 | Slime:3  | Gained mutation: You tend to lose your temper in combat. [a
                  | shining eye]
 71941 | Slime:2  | Lost mutation: You tend to lose your temper in combat.
                  | [potion of mutation]
 71941 | Slime:2  | Gained mutation: You possess an exceptional clarity of
                  | mind. [potion of mutation]
 72006 | Slime:1  | Gained mutation: You sometimes lose the ability to read
                  | scrolls when taking damage. [a shining eye]
 73093 | Slime:5  | Entered Level 5 of the Pits of Slime
 73172 | Slime:4  | Lost mutation: You sometimes lose the ability to read
                  | scrolls when taking damage. [potion of mutation]
 73172 | Slime:4  | Lost mutation: You possess an exceptional clarity of mind.
                  | [potion of mutation]
 73172 | Slime:4  | Gained mutation: You are covered in fur. (AC +1) [potion of
                  | mutation]
 73404 | Slime:5  | Reached XP level 25. HP: 180/180 MP: 28/44
 73758 | Slime:5  | Found a viscous altar of Jiyva.
 73774 | Slime:5  | Noticed the Royal Jelly
 74807 | Slime:5  | Learned a level 8 spell: Ignition
 74913 | Slime:5  | Found the ring of the Tortoise {AC+8}
 75496 | Slime:5  | Killed the Royal Jelly
 76093 | Slime:5  | Identified the +9 falchion of Arothriu {vorpal, rF+ rN++
                  | Will+ Dex-2}
 76122 | Slime:5  | Identified the ring "Conko" {rF+ MP-9 Str+2 Stlth+}
 76126 | Slime:5  | Got a slimy rune of Zot
 76354 | Slime:5  | Identified the +11 falchion of Ezyd {flame, Int+5 Stlth+}
 76363 | Slime:5  | Identified the +0 mace of Symmetry {vorpal, rN+ Stlth+}
 76374 | Slime:5  | Identified the +11 halberd "Beetle's Nightmare" {freeze,
                  | rN+}
 76383 | Slime:5  | Identified the +4 morningstar "Juzops" {holy, rCorr Dex+3}
 76384 | Slime:5  | Identified the +1 whip of Totaufun {venom, Fragile rPois
                  | Str+6}
 76771 | Zot:1    | Entered Level 1 of the Realm of Zot
 77933 | Zot:1    | Identified the amulet of Henotheism {Spirit -Tele rF+
                  | Str+5}
 79462 | Zot:2    | Learned a level 1 spell: Apportation
 79471 | Zot:2    | Learned a level 7 spell: Malign Gateway
 79925 | Zot:2    | Found a snail-covered altar of Cheibriados.
 80479 | Zot:2    | Identified the +8 broad axe "Lokiceschin" {flame, *Noise
                  | Int+2 Stlth+}
 80765 | Zot:2    | Identified the +4 mace of Josk {vorpal, Fly Int+3}
 81251 | Depths:1 | Bought a heavily runed chain mail for 313 gold pieces
 81251 | Depths:1 | Identified the +2 chain mail "Neewewn" {Dex+3} (You bought
                  | it in a shop on level 1 of the Depths)
 81492 | D:6      | Bought a book of Lightning for 396 gold pieces
 81502 | D:6      | Learned a level 7 spell: Spellforged Servitor
 82417 | Zot:3    | Learned a level 7 spell: Haunt
 82655 | Zot:4    | Noticed a Killer Klown
 82669 | Zot:4    | Reached XP level 26. HP: 170/191 MP: 1/45
 82669 | Zot:4    | Killed a Killer Klown
 83187 | Zot:4    | Noticed an orb of fire
 83216 | Zot:4    | Killed an orb of fire
 83875 | Zot:4    | Reached skill level 15 in Hexes
 83875 | Zot:4    | Reached skill level 15 in Summonings
 83875 | Zot:4    | Reached skill level 15 in Necromancy
 83875 | Zot:4    | Reached skill level 15 in Translocations
 83875 | Zot:4    | Reached skill level 15 in Fire Magic
 83875 | Zot:4    | Reached skill level 15 in Ice Magic
 83875 | Zot:4    | Reached skill level 15 in Air Magic
 83875 | Zot:4    | Reached skill level 15 in Earth Magic
 83875 | Zot:4    | Reached skill level 15 in Poison Magic
 84237 | Zot:5    | Entered Level 5 of the Realm of Zot
 84402 | Zot:5    | Found a transporter.
 84408 | Zot:5    | Found a transporter.
 84432 | Zot:5    | Found a transporter.
 84436 | Zot:5    | Found a transporter.
 84662 | Zot:5    | Found a transporter.
 84756 | Zot:5    | Found a transporter.
 85453 | Zot:5    | Noticed an orb of fire
 85454 | Zot:5    | Noticed a Killer Klown
 85454 | Zot:5    | Gained mutation: Your magical capacity is low. (-10% MP)
                  | [an orb of fire]
 85455 | Zot:5    | Noticed a Killer Klown
 85458 | Zot:5    | Noticed an ancient lich
 85459 | Zot:5    | Noticed a Killer Klown
 85472 | Zot:5    | Gained mutation: You sometimes lose the ability to read
                  | scrolls when taking damage. [an orb of fire]
 85474 | Zot:5    | Gained mutation: You are weak. (Str -2) [an orb of fire]
 85477 | Zot:5    | Gained mutation: You are frail. (-10% HP) [an orb of fire]
 85482 | Zot:5    | Killed a Killer Klown
 85483 | Zot:5    | Killed an orb of fire
 85487 | Zot:5    | Noticed a Killer Klown
 85526 | Zot:4    | Lost mutation: Your magical capacity is low. (-10% MP)
                  | [potion of mutation]
 85526 | Zot:4    | Lost mutation: You are frail. (-10% HP) [potion of
                  | mutation]
 85526 | Zot:4    | Gained mutation: Your spells are a little easier to cast,
                  | but a little less powerful. [potion of mutation]
 85526 | Zot:4    | Lost mutation: You are weak. (Str -2) [potion of mutation]
 85526 | Zot:4    | Gained mutation: You have sharp toenails. [potion of
                  | mutation]
 85527 | Zot:4    | Lost mutation: You sometimes lose the ability to read
                  | scrolls when taking damage. [potion of mutation]
 85527 | Zot:4    | Lost mutation: You are covered in fur. (AC +1) [potion of
                  | mutation]
 85527 | Zot:4    | Gained mutation: You have razor-sharp toenails. [potion of
                  | mutation]
 85527 | Zot:4    | Gained mutation: You do not regenerate when monsters are
                  | visible. [potion of mutation]
 85527 | Zot:4    | Lost mutation: You have razor-sharp toenails. [potion of
                  | mutation]
 85527 | Zot:4    | Gained mutation: You have a pair of small antennae on your
                  | head. [potion of mutation]
 85528 | Zot:4    | Lost mutation: You have a pair of small antennae on your
                  | head. [potion of mutation]
 85528 | Zot:4    | Lost mutation: You have sharp toenails. [potion of
                  | mutation]
 85528 | Zot:4    | Gained mutation: You are somewhat resistant to further
                  | mutation. [potion of mutation]
 85529 | Zot:4    | Lost mutation: You do not regenerate when monsters are
                  | visible. [potion of mutation]
 85529 | Zot:4    | Lost mutation: Your spells are a little easier to cast, but
                  | a little less powerful. [potion of mutation]
 85529 | Zot:4    | Lost mutation: You are somewhat resistant to further
                  | mutation. [potion of mutation]
 85529 | Zot:4    | Gained mutation: You have sharp toenails. [potion of
                  | mutation]
 85529 | Zot:4    | Gained mutation: Your mind is acute. (Int +2) [potion of
                  | mutation]
 85529 | Zot:4    | Gained mutation: You have supernaturally acute eyesight.
                  | (SInv) [potion of mutation]
 85663 | Zot:5    | Killed a Killer Klown
 85725 | Zot:5    | Noticed a dread lich
 85738 | Zot:5    | Noticed a Killer Klown
 85742 | Zot:5    | Noticed an orb of fire
 85742 | Zot:5    | Noticed an orb of fire
 85743 | Zot:5    | Killed an ancient lich
 85744 | Zot:5    | Gained mutation: Your spells are a little easier to cast,
                  | but a little less powerful. [an orb of fire]
 85745 | Zot:5    | Noticed a Killer Klown
 85745 | Zot:5    | Gained mutation: You are resistant to electric shocks.
                  | (rElec) [an orb of fire]
 85760 | Zot:4    | Killed a dread lich
 85960 | Zot:5    | Noticed a Killer Klown
 85961 | Zot:5    | Killed a Killer Klown
 85973 | Zot:4    | Killed a Killer Klown
 86152 | Zot:5    | Killed an orb of fire
 86153 | Zot:5    | Killed a Killer Klown
 86154 | Zot:5    | Killed an orb of fire
 86157 | Zot:5    | Killed a Killer Klown
 86170 | Zot:5    | Killed a Killer Klown
 86386 | Zot:5    | Noticed a Killer Klown
 86389 | Zot:5    | Noticed a Killer Klown
 86395 | Zot:5    | Killed a Killer Klown
 86404 | Zot:5    | Killed a Killer Klown
 86405 | Zot:5    | Reached XP level 27. HP: 200/200 MP: 9/45
 86571 | Zot:5    | Noticed a dread lich
 86578 | Zot:5    | Killed a dread lich
 86890 | Zot:5    | Got the Orb of Zot
 87152 | D:15     | Noticed Caamerr the pandemonium lord
 87402 | D:$      | Escaped with the Orb!

Illustrated notes

Levels and vault maps discovered:
D:1:      tarquinn_simple_flora_water_c, layout_loops_corners, serial_shops,
          shop, serial_forest, infiniplex_forest_corner_1,
          infiniplex_forest_clump_diagonal, infiniplex_forest_diagonal,
          infiniplex_forest_end_2, infiniplex_forest_lined_3_way,
          infiniplex_forest_straight_5, infiniplex_forest_end_double,
          nrook_campfire, minmay_heptomino_d4
D:2:      layout_loops_ring, hellmonk_ecumenical_altar_prayer_group,
          minmay_worlds_worst_comb
D:3:      layout_basic, grunt_temple_overflow_order_and_chaos_2,
          mainiacjoe_overflow_alcove_4, ebering_ghost_rock_garden
D:4:      layout_basic, serial_shops, shop, sigmund_army
D:5:      layout_rooms, grunt_temple_overflow_diamond, temple_pool_b
D:6:      layout_loops_ring, marbit_many_paths, serial_shops, nicolae_shop_stone
D:7:      layout_basic, nicolae_ossuary_entry_monument, enter_bailey_2,
          uniq_prince_ribbit1
D:8:      layout_basic, lair_entry_dummy, uniq_psyche
D:9:      layout_roguey, the_hattery
D:10:     layout_irregular_city, david_orc_1_choice, serial_shops,
          nicolae_shop_hallway_stairs, hangedman_feature_mirror
D:11:     layout_basic, serial_shops, shop, kennysheep_dice, uniq_urug
D:12:     layout_irregular_city
D:13:     nrook_guardian_serpent_snake_passage, layout_layer_cave,
          david_vaults_2, nicolae_trove_entry_isolated
D:14:     layout_irregular_city, serial_shops, nicolae_shop_trees,
          serial_column_ruins, column_ruins_hut, column_ruins_hut,
          column_ruins_grid_1, column_ruins_grid_2, column_ruins_grid_1,
          column_ruins_columns_corner, column_ruins_grid_3,
          nicolae_dithmenos_shadow_blocks
D:15:     hangedman_depths_entry_try_elsewhere_first, layout_loops_cross,
          serial_shops, nicolae_inconvenience_store, nemelex_spade_bored_becter
Temple:   regret_index_temple_waves
Lair:1:   layout_roguey, serial_rivers, chequers_serial_rivers_micro_d,
          chequers_serial_rivers_micro_a, chequers_serial_rivers_micro_e,
          chequers_serial_rivers_small_3, minmay_hedge_maze
Lair:2:   layout_misc_corridors, guppyfry_snake_entry_island,
          lightli_volcano_entry_magma_tube
Lair:3:   layout_cave_shapes, special_room [special_room_bee],
          ebering_ghost_rock_garden, columned_hall_lemuel
Lair:4:   layout_cave_pods, palyth_hydra_swamp_entry, gammafunk_ghost_cemetery,
          portal_ice_cave_rime, serial_bayou_pond_a, lemuel_altar_in_water2,
          beast_lair_carwin_9, serial_bayou_shore_b, lemuel_fruit_tree
Lair:5:   layout_loops_ring, nicolae_slime_entry_slimehenge,
          grunt_forest_small_clearing_treed
Lair:6:   evilmike_catoblepas_cave, layout_cave_shapes, gauntlet_entry_generic
Swamp:1:  layout_basic_swamp, evilmike_swamp_ruin_house_3
Swamp:2:  layout_basic_swamp, nicolae_swamp_dense_foliage
Swamp:3:  layout_basic_swamp, nicolae_swamp_ascending_descending,
          nicolae_swamp_bunyip_nook
Swamp:4:  swamp_basic_johnstein, layout_basic_swamp, swamp_pool5
Snake:1:  cheibrodos_snake_ritualist_ritual, layout_chambers, grunt_megastairs_3
Snake:2:  layout_misc_corridors
Snake:3:  nicolae_snake_crotalidae_crossing, layout_chambers, uniq_bai_suzhen,
          uniq_aizul, uniq_nikola
Snake:4:  snake_pit, layout_misc_corridors
Slime:1:  layout_caves, cheibrodos_slime_lost_civilization_7
Slime:2:  layout_caves, cheibrodos_slime_lost_civilization_5, uniq_dissolution
Slime:3:  layout_caves
Slime:4:  layout_caves
Slime:5
Orc:1:    orc_temple, layout_caves, serial_shops, nicolae_shop_trees
Orc:2:    st_orc_mages, layout_caves
Elf:1:    nicolae_elf_arrival_dilemma, layout_loops_cross,
          portal_desolation_entry_nicolae_forbidding_blocks,
          infiniplex_enter_wizlab_glasses, minmay_elf_annihilation,
          nicolae_elf_theology_debate, uniq_frances
Elf:2:    elven_hall_of_blades_hangedman_original
          [nicolae_blade_entry_sentries_behind_glass], layout_geoelf_diagonals,
          uniq_saint_roka
Elf:3:    grunt_elf_hall_branching, layout_geoelf_octagon, patterned_corridor
Vaults:1: grunt_vaults_hallway_long, vaults_room_grunt_arrival_ludios,
          v_misc_30, ontoclasm_vaults_ring_square, grunt_vaults_hallway_long,
          nicolae_vaults_mini_display_case, nicolae_vaults_network_quincunx
          [nicolae_vaults_network_quincunx_subvault,
          nicolae_vaults_network_quincunx_subvault,
          nicolae_vaults_network_quincunx_subvault,
          nicolae_vaults_network_quincunx_subvault,
          nicolae_vaults_network_quincunx_subvault],
          hangedman_vaults_stretched_pinwheel, vaults_room_large_hall,
          v_misc_19, vaults_room_stairs_pillars, v_alt_pattern_1, st_octagons_1,
          layout_vaults_maze_bifur
Vaults:2: hangedman_vaults_slither, ontoclasm_vaults_ligature,
          minmay_crypt_entry_necro_gods, v_misc_16, hangedman_vaults_nails,
          ontoclasm_vaults_spin, nicolae_vaults_alarming,
          nicolae_vaults_diagonal_hallway_7, vaults_dpeg_cross,
          dpeg_vaults_monster_box, layout_vaults_big_room, uniq_asterion
Vaults:3: ontoclasm_vaults_eye, vaults_dpeg_hooks, v_alt_pattern_3, v_pattern_3,
          hangedman_vaults_restitches, vaults_room_hangedman_quadrants,
          hangedman_vaults_pinch, hangedman_vaults_trim, ontoclasm_vaults_tryst,
          v_misc_28, nicolae_vaults_little_squares_4, vaults_room_hallway,
          layout_vaults_omnibox
Vaults:4: nicolae_vaults_murderbox, nicolae_vaults_network_square, v_misc_15,
          nicolae_vaults_twisting_passages, hangedman_vaults_restitches,
          nicolae_vaults_bisected_exclaves, vaults_room_pool,
          layout_vaults_omnigrid, serial_shops, nicolae_diamond_shop,
          shop_statue
Depths:1: layout_long_grid, hangedman_geh_valley, good_gods_temple_1,
          kennysheep_generic_room_15, minmay_shoptagon
Depths:2: minmay_the_grid_ultimate [minmay_the_grid_prize_big_room,
          minmay_the_grid_prize_diamond_cup, minmay_the_grid_prize_inner_circle,
          minmay_the_grid_prize_four_corners,
          minmay_the_grid_square_5x5_three_small,
          minmay_the_grid_square_5x5_one_wall,
          minmay_the_grid_square_5x5_tetrominoes,
          minmay_the_grid_square_5x5_checkered_sparse,
          minmay_the_grid_square_5x5_pentomino_r,
          minmay_the_grid_square_5x5_trominoes, minmay_the_grid_square_5x5_comb,
          minmay_the_grid_square_5x5_gyroscope,
          minmay_the_grid_square_5x5_inner_z,
          minmay_the_grid_square_5x5_two_walls_b,
          minmay_the_grid_square_5x5_meh, minmay_the_grid_square_5x5_corner,
          minmay_the_grid_square_5x5_fancy_junction,
          minmay_the_grid_square_5x5_moneybag, minmay_the_grid_square_5x5_mess,
          minmay_the_grid_triangle_9x9_longest,
          minmay_the_grid_triangle_9x9_corruption,
          minmay_the_grid_triangle_9x9_empty,
          minmay_the_grid_triangle_9x9_minimal,
          minmay_the_grid_triangle_9x9_from_above,
          minmay_the_grid_triangle_9x9_tough_junction,
          minmay_the_grid_triangle_9x9_checkered,
          minmay_the_grid_triangle_9x9_sparse_checkered,
          minmay_the_grid_triangle_9x9_shrine,
          minmay_the_grid_triangle_9x9_pentomino_pain,
          minmay_the_grid_triangle_9x9_warning,
          minmay_the_grid_triangle_9x9_semitri,
          minmay_the_grid_triangle_9x9_thin_v,
          minmay_the_grid_triangle_9x9_odd_lines,
          minmay_the_grid_triangle_9x9_swiss_cheese,
          minmay_the_grid_triangle_9x9_wacky_v,
          minmay_the_grid_square_5x5_minibox, minmay_the_grid_octo_checkered,
          minmay_the_grid_octo_vomiting_pacman,
          minmay_the_grid_octo_thin_diamonds, minmay_the_grid_octo_odd_swirl,
          minmay_the_grid_octo_empty, minmay_the_grid_octo_clover_2,
          minmay_the_grid_octo_chip, minmay_the_grid_octo_fat_diamond,
          minmay_the_grid_all_tris, minmay_the_grid_spin_star,
          minmay_the_grid_minigrid_large, minmay_the_grid_gridbox], hell_entry,
          pan_entry
Depths:3: minmay_bad_star, layout_cave_shapes,
          nicolae_abyss_entry_one_way_or_another, hangedman_coc_ice_floe,
          amcnicky_mini_pool_small
Depths:4: evilmike_zot_entry_basic, layout_gridville, nrook_mini_vaults,
          hell_entry, rand_demon_pan_entry_8, library_closet,
          minmay_misc_feat_plants, serial_bayou_shore_a, uniq_boris
Zot:1:    kennysheep_blocky_hall, layout_gridlike
Zot:2:    hangedman_orp_of_zott, layout_onion, grunt_megastairs_4
Zot:3:    layout_basic
Zot:4:    layout_onion, st_stairs_2, grunt_megastairs_1
Zot:5:    layout_onion, serial_nicolae_subway, nicolae_sub_station_stone,
          nicolae_sub_station_crystal, nicolae_sub_station_metal

Skill      XL: |  1  2  3  4  5  6  7  8  9 10 11 12 13 14 15 16 17 18 19 20 21 22 23 24 25 26 |
---------------+-------------------------------------------------------------------------------+-----
Spellcasting   | 5 6 7 8 9 10 11 12 13 14 15 16 17 18 | 18.7
Invocations    | 1 2 3 4 5 6 7 8 9 10 11 12 13 14 15 16 17 18 19 | 19.6
Fighting       | 1 2 3 4 5 6 7 8 9 10 11 12 13 14 15 16 17 18 19 | 19.9
Short Blades   | 1 2 3 4 5 6 7 8 9 10 11 12 13 14 15 16 17 18 | 18.1
Long Blades    | 1 2 3 4 5 6 7 8 9 10 11 12 13 14 15 16 17 18 | 18.1
Axes           | 1 2 3 4 5 6 7 8 9 10 11 12 13 14 15 16 17 18 | 18.1
Maces & Flails | 1 2 3 4 5 6 7 8 9 10 11 12 13 14 15 16 17 18 | 18.1
Polearms       | 1 2 3 4 5 6 7 8 9 10 11 12 13 14 15 16 17 18 | 18.1
Staves         | 1 2 3 4 5 6 7 8 9 10 11 12 13 14 15 16 17 18 | 18.1
Slings         | 1 2 3 4 5 6 7 8 9 10 11 12 13 14 15 16 17 18 | 18.1
Bows           | 1 2 3 4 5 6 7 8 9 10 11 12 13 14 15 16 17 18 | 18.1
Crossbows      | 1 2 3 4 5 6 7 8 9 10 11 12 13 14 15 16 17 18 | 18.1
Throwing       | 1 2 3 4 5 6 7 8 9 10 11 12 13 14 15 16 17 18 | 18.1
Armour         | 1 2 3 4 5 6 7 8 9 10 11 12 13 14 15 16 17 18 | 18.1
Shields        | 1 2 3 4 5 6 7 8 9 10 11 12 13 14 15 16 17 18 | 18.1
Unarmed Combat | 1 2 3 4 5 6 7 8 9 10 11 12 13 14 15 16 17 18 | 18.1
Evocations     | 1 2 3 4 5 6 7 8 9 10 11 12 13 14 15 16 17 18 | 18.1
Hexes          | 1 2 3 4 5 6 7 8 9 10 11 12 13 14 15 | 15.4
Summonings     | 1 2 3 4 5 6 7 8 9 10 11 12 13 14 15 | 15.4
Necromancy     | 1 2 3 4 5 6 7 8 9 10 11 12 13 14 15 | 15.4
Translocations | 1 2 3 4 5 6 7 8 9 10 11 12 13 14 15 | 15.4
Transmutations | 1 2 3 4 5 6 7 8 9 10 11 12 13 14 15 16 17 | 17.6
Fire Magic     | 1 2 3 4 5 6 7 8 9 10 11 12 13 14 15 | 15.4
Ice Magic      | 1 2 3 4 5 6 7 8 9 10 11 12 13 14 15 | 15.4
Air Magic      | 1 2 3 4 5 6 7 8 9 10 11 12 13 14 15 | 15.4
Earth Magic    | 1 2 3 4 5 6 7 8 9 10 11 12 13 14 15 | 15.4
Poison Magic   | 1 2 3 4 5 6 7 8 9 10 11 12 13 14 15 | 15.4
Dodging        | 5 6 7 8 9 10 11 12 13 14 15 16 17 18 | 18.6
Stealth        | 5 6 7 8 9 10 11 12 13 14 15 16 17 18 | 18.5
Conjurations   | 8 9 10 11 12 13 14 15 16 | 16.8

Action                   |  1- 3 |  4- 6 |  7- 9 | 10-12 | 13-15 | 16-18 | 19-21 | 22-24 | 25-27 || total
-------------------------+-------+-------+-------+-------+-------+-------+-------+-------+-------++-------
Melee: Whip              |     3 |     2 |   109 |   100 |    98 |   140 |       |       |       ||   452
       Bite              |       |       |    15 |    14 |     8 |    47 |   132 |    78 |    23 ||   317
       Punch             |       |       |     4 |     7 |     4 |       |       |       |       ||    15
       Halberd           |       |       |       |    38 |       |       |       |       |       ||    38
       Trident           |       |       |       |       |       |   181 |   825 |   150 |       ||  1156
       Eveningstar       |       |       |       |       |       |       |       |   161 |    81 ||   242
       Staff             |       |       |       |       |       |       |       |   152 |    46 ||   198
Throw: Javelin           |       |       |       |       |       |       |       |       |     4 ||     4
 Cast: Magic Dart        |    67 |    76 |   106 |   205 |   538 |   435 |    46 |    15 |       ||  1488
       Searing Ray       |     2 |    12 |    30 |    68 |    96 |    29 |     1 |       |       ||   238
       Fulminant Prism   |       |     4 |    22 |    41 |   114 |   100 |    67 |    14 |     1 ||   363
       Dazzling Flash    |       |       |     5 |       |     2 |       |       |       |       ||     7
       Blink             |       |       |     2 |     1 |     2 |     1 |       |       |       ||     6
       Iskenderun's Myst |       |       |       |     4 |    23 |    16 |     5 |     2 |     4 ||    54
       Inner Flame       |       |       |       |       |    20 |     7 |    26 |    10 |       ||    63
       Borgnjor's Vile C |       |       |       |       |    47 |   157 |   138 |   113 |    47 ||   502
       Irradiate         |       |       |       |       |       |     5 |    20 |    34 |    16 ||    75
       Fireball          |       |       |       |       |       |       |       |    58 |    10 ||    68
       Iron Shot         |       |       |       |       |       |       |       |   152 |   253 ||   405
       Ignition          |       |       |       |       |       |       |       |       |     7 ||     7
       Spellforged Servi |       |       |       |       |       |       |       |       |     5 ||     5
       Malign Gateway    |       |       |       |       |       |       |       |       |     6 ||     6
       Apportation       |       |       |       |       |       |       |       |       |     2 ||     2
Invok: Recall Ancestor   |       |       |     1 |     2 |    11 |     4 |     2 |     2 |    18 ||    40
       Ancestor Identity |       |       |     1 |       |       |       |       |       |       ||     1
       Ancestor Life: Kn |       |       |       |     1 |       |       |       |       |       ||     1
       Transference      |       |       |       |       |     1 |       |     1 |       |     2 ||     4
       Idealise          |       |       |       |       |       |     1 |     1 |     2 |     3 ||     7
Evoke: Wand              |       |       |     2 |     2 |     6 |     6 |     4 |       |     6 ||    26
       Tin of tremorston |       |       |       |       |       |     2 |       |       |       ||     2
       Phantom mirror    |       |       |       |       |       |       |       |       |     1 ||     1
  Use: Scroll            |       |       |     2 |    18 |    12 |     2 |     1 |    12 |    19 ||    66
       Potion            |       |       |       |       |     5 |       |       |     5 |    19 ||    29
 Stab: Sleeping          |       |       |     3 |     4 |       |     4 |    24 |     7 |       ||    42
       Distracted        |       |       |       |       |     3 |    10 |    11 |    10 |     6 ||    40
       Invisible         |       |       |       |       |     1 |       |       |       |       ||     1
Armor: Robe              |     4 |       |    74 |   106 |   123 |     2 |       |       |       ||   309
       Acid dragon scale |       |       |       |       |       |   110 |   148 |       |       ||   258
       Scale mail        |       |       |       |       |       |       |    26 |    30 |       ||    56
       Ring mail         |       |       |       |       |       |       |       |    85 |   111 ||   196
Dodge: Dodged            |     7 |     9 |   147 |   202 |   194 |   170 |   211 |   180 |   182 ||  1302
Block: Kite shield       |       |       |       |       |    56 |   249 |   402 |   296 |   215 ||  1218
